 Dungeon Crawl Stone Soup version 0.29-a0-352-g0917bc69df (webtiles) character file.

Game seed: 8907496686252493628

5385 avis the Severer (level 10, -3/77 (93) HPs)
             Began as a Hill Orc Monk on Apr 24, 2022.
             Was a High Priest of Beogh.
             Slain by a wight
             ... wielding a +3 halberd
              (11 damage)
             ... on level 9 of the Dungeon.
             The game lasted 01:14:11 (13108 turns).

avis the Severer (Hill Orc Monk)                   Turns: 13108, Time: 01:14:12

HP:   -3/77 (93)    AC: 13    Str: 17    XL:     10   Next: 66%
MP:   12/12         EV: 11    Int: 12    God:    Beogh [*****.]
Gold: 767           SH:  5    Dex: 13    Spells: 9/9 levels left

rFire   . . .      SeeInvis .   a - +0 war axe
rCold   . . .      Faith    .   q - +0 buckler
rNeg    . . .      Spirit   .   O - +3 leather armour
rPois   .          Reflect  .   v - +0 helmet
rElec   .          Harm     .   (no cloak)
rCorr   .          Rampage  .   (no gloves)
Will    .....                   F - +0 pair of boots
Stlth   ++........              d - amulet of magic regeneration
HPRegen 0.22/turn               n - ring of wizardry
MPRegen 0.53/turn               V - +4 ring of protection

@: studying Shields, heavily drained
A: walk on water
a: Renounce Religion, Smiting, Recall Orcish Followers, Give Item to Named
Follower


You were on level 9 of the Dungeon.
You worshipped Beogh.
Beogh was extremely pleased with you.
You visited 2 branches of the dungeon, and saw 10 of its levels.
You also visited: Sewer and Ossuary.

You collected 767 gold pieces.

Inventory:

Hand Weapons
 a - a +0 war axe (weapon)
 b - the +9 flail of Mata Both {flame, Dex+3}
   (You found it on level 8 of the Dungeon)

   It burns those it strikes, dealing additional fire damage.
   Dex:       It affects your dexterity (+3).
 f - a +1 short sword of venom
 g - a +1 short sword of speed
 i - a +0 shortbow
 j - a +3 whip
 t - a +3 spear of venom
 u - a +1 morningstar
 w - a +1 vampiric hand axe
 x - a +3 hand axe
 y - a +0 trident
 B - a -2 spear of freezing
Missiles
 c - 13 boomerangs
 E - 6 atropa-tipped darts (quivered)
 H - 27 poisoned darts
Armour
 q - a +0 buckler (worn)
 r - a +0 chain mail
 v - a +0 helmet (worn)
 z - a +0 tower shield
 F - a +0 pair of boots (worn)
 O - a +3 leather armour (worn)
Jewellery
 d - an amulet of magic regeneration (around neck)
 n - a ring of wizardry (left hand)
 V - a +4 ring of protection (right hand)
Wands
 L - a wand of polymorph (16)
Scrolls
 k - 10 scrolls of teleportation
 m - 2 scrolls of fog
 p - 2 scrolls of holy word
 s - a scroll of identify
 A - 5 scrolls of fear
 Y - a scroll of blinking
Potions
 e - a potion of haste
 h - 4 potions of might
 l - 6 potions of brilliance
 o - 3 potions of magic
 P - a potion of curing
 Q - a potion of lignification
 R - 2 potions of flight


   Skills:
 + Level 10.2 Fighting
 * Level 15.1 Axes
 - Level 5.0 Armour
 - Level 2.4 Dodging
 - Level 1.5 Stealth
 - Level 4.0 Shields
 + Level 3.9 Invocations


You had 9 spell levels left.
You didn't know any spells.
Your spell library contained the following spells:

 Spells                   Type           Power      Damage    Failure   Level
 Slow                     Hex            0%         N/A       21%         1
 Sublimation of Blood     Necr           0%         N/A       30%         2
 Call Canine Familiar     Summ           0%         N/A       50%         3
 Confusing Touch          Hex            0%         N/A       50%         3
 Portal Projectile        Hex/Tloc       0%         N/A       50%         3
 Vampiric Draining        Necr           0%         2d6       50%         3
 Leda's Liquefaction      Hex/Erth       0%         N/A       87%         4
 Petrify                  Tmut/Erth      0%         N/A       87%         4
 Irradiate                Conj/Tmut      0%         3d13      99%         5


Dungeon Overview and Level Annotations

Branches:
Dungeon (9/15)             Temple (1/1) D:5           Sewer (visited)
Ossuary (visited)
   Lair: D:8-11         Orc: D:9-12

Altars:
Cheibriados
Dithmenos
Makhleb
Okawaru
Qazlal
Uskayaw
Xom

Shops:
D:2 [!=[   D:6 ?


Message History

The wight hits you from afar with a +3 halberd.
You barely miss the wight. You closely miss the wight.
The wight hits you from afar with a +3 halberd!
* * * LOW HITPOINT WARNING * * *
The wight barely misses you.
You slash the wight!
The wight is heavily damaged.
The wight hits you with a +2 halberd!
* * * LOW HITPOINT WARNING * * *
The wight closely misses you.
Okay, then.
You feel much better. The wight hits you but does no damage.
The wight hits you from afar with a +3 halberd!
* * * LOW HITPOINT WARNING * * *
You feel drained.
* * * LOW HITPOINT WARNING * * *
You barely miss the wight.
The wight is heavily damaged.
The wight barely misses you. x2
You closely miss the wight.
The wight is heavily damaged.
The wight hits you with a +2 halberd.
* * * LOW HITPOINT WARNING * * *
You feel drained.
* * * LOW HITPOINT WARNING * * *
The wight closely misses you.
You barely miss the wight.
The wight is heavily damaged.
You slash the wight!
The wight is almost destroyed.
The wight barely misses you.
The wight hits you from afar with a +3 halberd.
* * * LOW HITPOINT WARNING * * *
You hit the wight but do no damage.
The wight is almost destroyed.
The wight hits you with a +2 halberd!
* * * LOW HITPOINT WARNING * * *
The wight hits you from afar with a +3 halberd!
You die...

# #.....#..# # #.###.#..# #
#........# #######.#)###
.......)[...#
#######.#z#.#################
#<...#[#.#.)..?............#
###.##)#.##############.####
.###.##.#.....zz@o..# #.#
........###########.# #.#
####......#.......#.# #.#
.......#.#.#####.#.# #.#
#######.#.#.........# #.# #.#
#######.######.# #.#
#.....#.#......# #.#
#.###.#.#.###### .# #.#
#.#.#.#########


You could see 2 wights and a friendly orc knight.

Vanquished Creatures
  2 two-headed ogres (D:8)
  Joseph (D:8)
  2 yaks (D:8)
  Grum (D:9)
  2 steam dragons
  A sky beast (D:6)
  An orc warrior (D:6)
  An ogre (D:5)
  2 wolves (D:9)
  A lemure (D:7)
  4 kobold brigands
  A bullfrog (D:8)
  2 scorpions
  5 wights (D:9)
  6 killer bees
  A centaur zombie (D:5)
  A hound (D:3)
  A bullfrog skeleton (D:5)
  A gnoll shaman (D:6)
  A scorpion zombie (D:5)
  3 orc wizards
  2 hound zombies (D:5)
  A hound skeleton (D:5)
  8 mummies (Ossuary)
  Robin (D:3)
  8 gnolls
  A howler monkey skeleton (D:5)
  A river rat (D:6)
  16 adders
  3 ufetubi
  3 worms
  2 dart slugs (D:3)
  18 orcs
  7 bats
  An endoplasm (D:3)
  3 giant cockroaches
  16 goblins
  8 hobgoblins
  11 jackals
  10 kobolds
  3 quokkas
  6 ball pythons
  6 frilled lizards
  A gnoll zombie (Ossuary)
  4 hobgoblin zombies (Ossuary)
  A kobold zombie (Ossuary)
  2 orc zombies (Ossuary)
  6 rats
189 creatures vanquished.

Vanquished Creatures (collateral kills)
  Pikel (D:7)
  A troll (D:9)
  A shadow (D:9)
  2 yaks
  Duvessa (D:7)
  A sky beast (D:6)
  3 ice beasts
  A lemure (D:7)
  2 centaurs (D:8)
  A kobold brigand (D:8)
  A bullfrog (D:7)
  2 scorpions (D:6)
  A wight (D:9)
  Dowan (D:7)
  2 killer bees
  A howler monkey (D:6)
  A jelly (D:6)
  2 orc priests
  A hound (D:7)
  A gnoll shaman (D:9)
  A bullfrog skeleton (D:5)
  An iguana (D:6)
  3 orc wizards
  A gnoll (D:6)
  A shadow imp (D:7)
  A white imp (D:7)
  6 orcs
  7 kobolds (D:8)
48 creatures vanquished.

Vanquished Creatures (others)
  2 orc warriors
  2 orc priests
  10 orcs
  31 plants (Sewer)
  6 withered plants (D:5)
51 creatures vanquished.

Grand Total: 288 creatures vanquished

Notes
Turn   | Place    | Note
-------+----------+-------------------------------------------
     0 | D:1      | avis the Hill Orc Monk began the quest for the Orb.
     0 | D:1      | Reached XP level 1. HP: 19/19 MP: 1/1
   330 | D:1      | Reached XP level 2. HP: 17/26 MP: 2/2
   669 | D:1      | Reached skill level 5 in Axes
   904 | D:2      | Reached XP level 3. HP: 29/33 MP: 3/3
  1048 | D:2      | Found a stormy altar of Qazlal.
  1059 | D:2      | Found Iriuresa's Armour Emporium.
  1259 | D:2      | Found Kufesmeu's Antique Armour Shop.
  1332 | D:2      | Reached XP level 4. HP: 16/40 MP: 4/4
  1663 | D:2      | Found Zunlo's Jewellery Emporium.
  1722 | D:2      | Found Luex Acontu's Distillery.
  1975 | D:2      | Reached skill level 6 in Axes
  2003 | D:2      | Reached skill level 1 in Shields
  2344 | D:3      | Found a faded altar of an unknown god.
  2440 | D:3      | Reached XP level 5. HP: 16/47 MP: 5/5
  2742 | D:3      | Became a worshipper of Beogh the Brigand
  2742 | D:3      | Reached * piety under Beogh
  2742 | D:3      | Reached ** piety under Beogh
  2974 | D:3      | Noticed Robin
  3010 | D:3      | Killed Robin
  3552 | D:3      | Reached skill level 7 in Axes
  3694 | D:3      | Found a hide-covered altar of Uskayaw.
  4084 | D:4      | Reached skill level 5 in Fighting
  4084 | D:4      | Reached XP level 6. HP: 52/56 MP: 6/6
  4181 | D:4      | Found a burning altar of Makhleb.
  4181 | D:4      | Noticed an Executioner
  4421 | D:4      | Reached *** piety under Beogh
  4852 | D:5      | Entered Level 5 of the Dungeon
  5017 | D:5      | Found a shimmering altar of Xom.
  5061 | D:5      | Reached skill level 8 in Axes
  5061 | D:5      | Reached XP level 7. HP: 61/61 MP: 7/7
  5890 | D:6      | Reached skill level 9 in Axes
  5957 | D:6      | Reached XP level 8. HP: 43/71 MP: 8/8
  5957 | D:6      | Identified a scroll of acquirement
  5957 | D:6      | Acquired a manual of Shields
  5960 | D:6      | Found a glowing drain.
  5963 | D:6      | Found Qoss's Magic Scroll Boutique.
  5976 | Sewer    | Entered a sewer
  6221 | Sewer    | Reached skill level 10 in Axes
  6839 | Sewer    | Reached **** piety under Beogh
  6880 | Sewer    | Acquired a +7 quick blade
  6925 | D:6      | Found an iron altar of Okawaru.
  6929 | D:6      | Reached skill level 1 in Armour
  6969 | D:6      | Reached skill level 11 in Axes
  7141 | D:6      | Found a snail-covered altar of Cheibriados.
  7572 | D:7      | Noticed Duvessa
  7572 | D:7      | Noticed Dowan
  7572 | D:7      | Found a sand-covered staircase.
  7587 | D:7      | Killed Duvessa
  7588 | D:7      | Reached XP level 9. HP: 28/80 MP: 9/9
  7595 | D:7      | Killed Dowan
  7630 | Ossuary  | Entered an ossuary
  8402 | D:7      | Noticed Pikel
  8420 | D:7      | Killed Pikel
  8421 | D:7      | Reached skill level 12 in Axes
  9369 | D:5      | Found a staircase to the Ecumenical Temple.
  9400 | Temple   | Entered the Ecumenical Temple
  9780 | D:8      | Noticed a two-headed ogre
 10032 | D:8      | Killed a two-headed ogre
 10255 | D:8      | Noticed Joseph
 10264 | D:8      | Killed Joseph
 10265 | D:8      | Reached skill level 13 in Axes
 10455 | D:8      | Reached skill level 5 in Armour
 10626 | D:8      | Identified the +9 flail of Mata Both {flame, Dex+3}
 10701 | D:8      | Reached XP level 10. HP: 91/91 MP: 10/10
 10705 | D:8      | Reached skill level 14 in Axes
 10955 | D:8      | Reached ***** piety under Beogh
 11158 | D:8      | Reached skill level 1 in Invocations
 11473 | D:8      | Noticed a two-headed ogre
 11485 | D:8      | Killed a two-headed ogre
 12348 | D:9      | Reached skill level 10 in Fighting
 12829 | D:9      | Noticed Grum
 12843 | D:9      | Killed Grum
 12844 | D:9      | Reached skill level 15 in Axes
 13108 | D:9      | Slain by a wight

Illustrated notes

Levels and vault maps discovered:
D:1:      lemuel_arrival_rhombus, layout_basic, minmay_fountain_box,
          fountainhead, grunt_decor_clamped
D:2:      layout_loops_ring, basic_altar, serial_shops, nicolae_square_shop,
          nicolae_square_shop, nicolae_shop_crystal, nicolae_square_shop
D:3:      layout_basic, marbit_many_paths, nicolae_ecumenical_lake_church,
          grunt_ministairs_4, st_stairs_8, minmay_splitting_lines,
          cheibrodos_gnoll_hut, uniq_robin
D:4:      layout_loops_ring, makhleb_altar_promises_db
D:5:      layout_basic, mainiacjoe_overflow_brackets,
          minmay_temple_entry_enclosed_plants, serial_undead, serial_undead_a,
          serial_undead_f, serial_undead_b, serial_undead_a, serial_undead_b
D:6:      layout_basic, kennysheep_mini, amcnicky_altar_gilded, serial_shops,
          shop, cheibrodos_sewer_entry_sluice, nrook_mini_backslash
D:7:      layout_basic, enter_ossuary_1, uniq_pikel, uniq_duvessa
D:8:      layout_layer_cave, uniq_joseph
D:9:      layout_basic, uniq_grum
Temple:   eino_wide_crystal_templ

Skill      XL: |  1  2  3  4  5  6  7  8  9 10 |
---------------+-------------------------------+-----
Axes           | 5 6 7 8 9 11 13 15 | 15.1
Fighting       | 4 5 6 7 9 10 | 10.2
Shields        | 1 2 3 4 |  4.0
Armour         | 2 5 |  5.0
Invocations    | 3 |  3.9
Dodging        | |  2.4
Stealth        | |  1.5

Action                   |  1- 3 |  4- 6 |  7- 9 | 10-12 || total
-------------------------+-------+-------+-------+-------++-------
Melee: Hand axe          |    83 |   252 |   338 |     7 ||   680
       Punch             |       |     2 |       |       ||     2
       Quick blade       |       |       |     2 |       ||     2
       Flail             |       |       |     4 |     4 ||     8
       War axe           |       |       |       |   111 ||   111
Throw: Dart              |       |       |     2 |       ||     2
Invok: Convert to Beogh  |       |     1 |       |       ||     1
       Recall Orcish Fol |       |       |     5 |     2 ||     7
       Stop Recall       |       |       |     1 |     1 ||     2
  Use: Potion            |       |     5 |     2 |     5 ||    12
       Scroll            |       |       |    17 |       ||    17
 Stab: Sleeping          |     2 |     6 |       |       ||     8
       Distracted        |       |     1 |     3 |       ||     4
Armor: Robe              |    14 |    12 |       |       ||    26
       Chain mail        |       |    68 |    40 |       ||   108
       Ring mail         |       |    10 |       |       ||    10
       Plate armour      |       |       |    42 |       ||    42
       Leather armour    |       |       |    40 |    42 ||    82
Dodge: Dodged            |    51 |   115 |    88 |    54 ||   308
Block: Buckler           |       |       |    42 |    28 ||    70

Table legend: (Time is in decaauts)
 A = Elapsed time spent in this place.
 B = Non-inter-level travel time spent in this place.
 C = Inter-level travel time spent in this place.
 D = Time resting spent in this place.
 E = Time spent auto-exploring this place.
 F = Levels seen in this place.
 G = Mean time per level.
                   A        B        C        D        E       F      G
               +--------+--------+--------+--------+--------+-----+--------+
         Total |  13182 |  11938 |   1244 |   3427 |   5384 |  12 | 1098.5 |
       Dungeon |  11400 |  10159 |   1241 |   3065 |   4781 |   9 | 1266.7 |
        Temple |     59 |     56 |      3 |      0 |      0 |   1 |   59.0 |
         Sewer |   1040 |   1040 |      0 |    130 |    488 |   1 | 1040.0 |
       Ossuary |    681 |    681 |      0 |    232 |    115 |   1 |  681.0 |
               +--------+--------+--------+--------+--------+-----+--------+

Top non-repeatable levels by time:
     D:3: 1782 daAuts
     D:8: 1741 daAuts
     D:7: 1516 daAuts
     D:2: 1301 daAuts
     D:5: 1123 daAuts
   Sewer: 1040 daAuts
     D:6: 1033 daAuts
     D:9: 1009 daAuts
     D:1: 980 daAuts
     D:4: 913 daAuts
 Ossuary: 681 daAuts
  Temple: 59 daAuts
